 Dungeon Crawl Stone Soup version 0.27-a0-1331-g60ef6b6952 (webtiles) character file.

Game seed: 3719898397702761423

664 Delamore the Poker (level 7, -2/56 HPs)
             Began as a Formicid Fighter on June 25, 2021.
             Was a Priest of Sif Muna.
             Killed by nerve-wracking pain
             ... invoked by a shadow imp
             ... summoned by Eustachio
              (8 damage)
             ... on level 4 of the Dungeon.
             The game lasted 00:05:25 (4044 turns).

Delamore the Poker (Formicid Fighter)               Turns: 4044, Time: 00:05:25

Health: -2/56      AC:  6    Str: 23    XL:     7   Next: 87%
Magic:  7/7        EV:  8    Int:  7    God:    Sif Muna [***...]
Gold:   142        SH: 10    Dex: 10    Spells: 6/6 levels left

rFire    . . .     SeeInvis +   l - +2 halberd (vorpal)
rCold    . . .     Faith    .   c - +1 kite shield
rNeg     . . .     Spirit   .   b - +0 scale mail
rPois    .         Reflect  .   (helmet unavailable)
rElec    .         Harm     .   (no cloak)
rCorr    .         Rampage  .   (no gloves)
Will     .....                  (no boots)
Stlth    ..........             (no amulet)
HPRegen  0.18/turn              m - ring of flight
MPRegen  0.10/turn              (no ring)

@: flying
A: permanent stasis, dig shafts and tunnels, antennae 3, four strong arms
a: Dig, Shaft Self, Renounce Religion, Channel Magic, Forget Spell


You were on level 4 of the Dungeon.
You worshipped Sif Muna.
Sif Muna was most pleased with you.
You visited 1 branch of the dungeon, and saw 4 of its levels.
You also visited: Sewer.

You collected 142 gold pieces.

Inventory:

Hand Weapons
 a - a +0 trident
 l - a +2 vorpal halberd (weapon)
Missiles
 g - 16 poisoned darts (quivered)
Armour
 b - a +0 scale mail (worn)
 c - a +1 kite shield (worn)
Jewellery
 i - a ring of magical power
 k - an amulet of magic regeneration
 m - a ring of flight (left hand)
Scrolls
 s - a scroll of identify
 t - a scroll of holy word {unknown}
Potions
 d - a potion of might
 e - 3 potions of curing
 f - 2 potions of invisibility
 h - 2 potions of attraction
 j - a potion of mutation
 n - a potion of heal wounds {unknown}
 o - a potion of degeneration {unknown}
 p - a potion of brilliance {unknown}
 q - a potion of haste {unknown}
 r - a potion of ambrosia {unknown}


   Skills:
 - Level 5.0 Fighting
 * Level 7.5 Polearms
 - Level 3.2 Armour
 - Level 3.6 Shields


You had 6 spell levels left.
You didn't know any spells.
Your spell library contained the following spells:

 Spells                   Type           Power      Damage    Failure   Level
 Magic Dart               Conj           0%         1d3       98%         1
 Call Imp                 Summ           0%         N/A       99%         2
 Slow                     Hex            0%         N/A       99%         2
 Conjure Flame            Conj/Fire      0%         6-21      100%        3
 Mephitic Cloud           Conj/Pois/Air  0%         N/A       100%        3
 Cause Fear               Hex            0%         N/A       100%        4
 Silence                  Hex/Air        0%         N/A       100%        5
 Yara's Violent Unravell  Hex/Tmut       0%         3d3       100%        5
 Discord                  Hex            0%         N/A       100%        8
 Blink                    Tloc           Unusable   N/A       N/A         2

Dungeon Overview and Level Annotations

Branches:
Dungeon (4/15)              Sewer (visited)
 Temple: D:4-7

Altars:
Sif Muna

Annotations:
D:4 Eustachio


Innate Abilities, Weirdness & Mutations

You cannot be hasted, slowed, berserked, paralysed or teleported.
You can dig through walls and to a lower floor.
You have a pair of large antennae on your head. (SInv)
Your four strong arms can wield two-handed weapons with a shield.


Message History

The bat hits you but does no damage. Eustachio hits you but does no damage.
The rat closely misses you.
You barely miss Eustachio.
Eustachio is almost dead.
You block the bat's attack. The bat barely misses you.
Eustachio mumbles some strange words.
The rat bites you.
* * * LOW HITPOINT WARNING * * *
Eustachio casts a spell.
Eustachio blinks!
You extend your mandibles.
You dig through the rock wall.
You block the bat's attack.
You dig through the rock wall.
You block the bat's attack.
You dig through the rock wall.
You block the bat's attack.
You dig through the rock wall.
The bat hits you but does no damage. You block the bat's attack.
You dig through the rock wall.
The bat hits you but does no damage. x2
You dig through the rock wall.
The bat misses you. You block the bat's attack.
Eustachio gestures wildly while chanting.
Eustachio blinks!
You retract your mandibles.
You block the bat's attack.
You extend your mandibles.
You dig through the rock wall.
The bat closely misses you. The bat barely misses you.
You dig through the rock wall.
The bat closely misses you.
You dig through the rock wall.
The bat hits you but does no damage.
You dig through the rock wall.
The bat hits you but does no damage. The bat barely misses you.
You dig through the rock wall.
The bat barely misses you. The bat hits you but does no damage.
You dig through the rock wall.
The bat hits you.
* * * LOW HITPOINT WARNING * * *
Eustachio says, "Summoning is fun!"
Eustachio zaps a wand.
You block the puff of flame. The bat hits you but does no damage.
You dig through the rock wall.
You block the bat's attack.
You dig through the rock wall.
The bat hits you but does no damage. The shadow imp gestures at you.
Pain shoots through your body!
You die...

### ##@##
#b#.##
####.#5##
+..{b##.# {
##..{$#.##
#....@.##
#.......##
###
#.....##r##
..#####
##.....###.#


You could see a shadow imp (summoned) and a bat (summoned).

Vanquished Creatures
  Grinder (D:3)
  Purgy (Sewer)
  A black bear (D:4)
  A water moccasin skeleton (D:4)
  Jessica (D:2)
  An iguana (D:4)
  6 adders
  4 gnolls (D:2)
  2 worms
  A dart slug (D:3)
  An orc (D:4)
  3 endoplasms
  7 giant cockroaches
  11 hobgoblins
  8 jackals
  6 quokkas
  9 ball pythons
  6 bats
  4 frilled lizards
  8 goblins
  A jackal skeleton (D:4)
  9 kobolds
  9 rats
101 creatures vanquished.

Notes
Turn   | Place    | Note
-------+----------+-------------------------------------------
     0 | D:1      | Delamore the Formicid Fighter began the quest for the Orb.
     0 | D:1      | Reached XP level 1. HP: 18/18 MP: 1/1
    95 | D:1      | Found a faded altar of an unknown god.
   113 | D:1      | Became a worshipper of Sif Muna the Loreminder
   113 | D:1      | Reached * piety under Sif Muna
   128 | D:1      | Reached XP level 2. HP: 20/24 MP: 2/2
   781 | D:1      | Reached XP level 3. HP: 30/30 MP: 3/3
   960 | D:1      | Reached skill level 3 in Polearms
  1186 | D:1      | Reached ** piety under Sif Muna
  1569 | D:2      | Reached XP level 4. HP: 37/37 MP: 4/4
  1736 | D:2      | Noticed Jessica
  1746 | D:2      | Killed Jessica
  1747 | D:2      | Reached skill level 4 in Polearms
  1747 | D:2      | Reached XP level 5. HP: 21/42 MP: 5/5
  2547 | D:3      | Found a glowing drain.
  2557 | Sewer    | Entered a sewer
  2578 | Sewer    | Reached *** piety under Sif Muna
  2875 | Sewer    | Noticed Purgy
  2890 | Sewer    | Killed Purgy
  2891 | Sewer    | Reached skill level 5 in Fighting
  2891 | Sewer    | Reached skill level 5 in Polearms
  2891 | Sewer    | Reached XP level 6. HP: 48/51 MP: 6/6
  2968 | D:3      | Noticed Grinder
  2990 | D:3      | Killed Grinder
  2991 | D:3      | Reached skill level 6 in Polearms
  2991 | D:3      | Reached XP level 7. HP: 33/56 MP: 7/7
  3717 | D:4      | Reached skill level 7 in Polearms
  3985 | D:4      | Noticed Eustachio
  4044 | D:4      | Killed from afar by a shadow imp

Illustrated notes

Levels and vault maps discovered:
D:1:      dpeg_arrival_radiant, layout_basic, basic_ecumenical_altar
D:2:      layout_rooms, minmay_misc_feat_roman, uniq_jessica
D:3:      layout_rooms, portal_sewer_entry_b, kennysheep_cross_room,
          hangedman_decor_riveting, uniq_grinder
D:4:      layout_rooms, chequers_temple_overflow_minitemple, uniq_eustachio

Skill      XL: |  1  2  3  4  5  6  7 |
---------------+----------------------+-----
Polearms       | 3 4 5 6 7 |  7.5
Fighting       | 4 5 |  5.0
Armour         | |  3.2
Shields        | |  3.6

Action                   |  1- 3 |  4- 6 |  7- 9 || total
-------------------------+-------+-------+-------++-------
Melee: Trident           |   117 |    71 |       ||   188
       Halberd           |       |    82 |    85 ||   167
Throw: Dart              |       |    11 |       ||    11
 Abil: Dig               |     1 |     2 |     5 ||     8
  Use: Scroll            |     5 |     4 |       ||     9
Armor: Scale mail        |    44 |    72 |    48 ||   164
Dodge: Dodged            |    45 |    56 |    37 ||   138
Block: Kite shield       |    52 |   101 |    58 ||   211

Table legend: (Time is in decaauts)
 A = Elapsed time spent in this place.
 B = Non-inter-level travel time spent in this place.
 C = Inter-level travel time spent in this place.
 D = Time resting spent in this place.
 E = Time spent auto-exploring this place.
 F = Levels seen in this place.
 G = Mean time per level.
                   A        B        C        D        E       F      G
               +--------+--------+--------+--------+--------+-----+--------+
         Total |   4187 |   4128 |     59 |   1082 |   2162 |   5 |  837.4 |
       Dungeon |   3762 |   3703 |     59 |    850 |   2056 |   4 |  940.5 |
         Sewer |    424 |    424 |      0 |    232 |    106 |   1 |  424.0 |
               +--------+--------+--------+--------+--------+-----+--------+

Top non-repeatable levels by time:
     D:1: 1434 daAuts
     D:2: 1056 daAuts
     D:3: 883 daAuts
   Sewer: 424 daAuts
     D:4: 388 daAuts
